TOP OF THE 1ST |
Hillsboro Hops batting - Pitching for Tri-City Dust Devils : LHP Bei Xú
|
Pitching: LHP Bei Xú
|
|
Batting: RHB Yasuo Nakata
|
0-0: Swinging Strike 0-1: Swinging Strike 0-2: Ground out 6-3 (Groundball, 6, EV 86.3 MPH)
|
Batting: RHB Larry Hardman
|
0-0: Ball 1-0: Foul Ball, location: 2F 1-1: Called Strike 1-2: Ball 2-2: Foul Ball, location: 2F 2-2: Strikes out looking
|
Batting: RHB Edgar Garcia
|
0-0: Ball 1-0: Called Strike 1-1: Ball 2-1: Foul Ball, location: 2F 2-2: Strikes out swinging
|
Top of the 1st over - 0 runs, 0 hits, 0 errors, 0 left on base; Hillsboro 0 - Tri-City 0 |
BOTTOM OF THE 1ST |
Tri-City Dust Devils batting - Pitching for Hillsboro Hops : RHP Ted Koene
|
Pitching: RHP Ted Koene
|
|
Batting: RHB Jeremy Mercer
|
0-0: Ball 1-0: Called Strike 1-1: Foul Ball, location: 2F 1-2: Foul Ball, location: 2F 1-2: SINGLE (Groundball, 4MS, EV 71.3 MPH) (infield hit)
|
Batting: RHB Ruben Luis
|
0-0: Ball 1-0: Ball 2-0: Called Strike 2-1: Called Strike 2-2: Fielders Choice at 2nd, 3-6 (Groundball, 34, EV 85.0 MPH)
|
Batting: LHB Frank McConnell
|
0-0: Ball 1-0: Foul Ball, location: 2F 1-1: Foul Ball, location: 2F 1-2: Ball 2-2: SINGLE (Line Drive, 5D, EV 108.8 MPH) Ruben Luis to second
|
Batting: RHB Freddie Brown
|
0-0: Ball 1-0: Grounds into double play, 3-6-3 (Groundball, 3, EV 80.6 MPH)
|
Bottom of the 1st over - 0 runs, 2 hits, 0 errors, 1 left on base; Hillsboro 0 - Tri-City 0 |
TOP OF THE 2ND |
Hillsboro Hops batting - Pitching for Tri-City Dust Devils : LHP Bei Xú
|
Batting: RHB Chris Bittner
|
0-0: Called Strike 0-1: Foul Ball, location: 2F 0-2: Ball 1-2: Ball 2-2: Ground out 6-3 (Groundball, 6M, EV 81.9 MPH)
|
Batting: RHB Jeremy Coffey
|
0-0: Ball 1-0: Ground out 6-3 (Groundball, 6, EV 107.5 MPH)
|
Batting: SHB Mike Kiefer
|
0-0: Foul Ball, location: 2F 0-1: Swinging Strike 0-2: Ground out 5-3 (Groundball, 56S, EV 81.3 MPH)
|
Top of the 2nd over - 0 runs, 0 hits, 0 errors, 0 left on base; Hillsboro 0 - Tri-City 0 |
BOTTOM OF THE 2ND |
Tri-City Dust Devils batting - Pitching for Hillsboro Hops : RHP Ted Koene
|
Batting: RHB Jaden Scott
|
0-0: Ball 1-0: Fly out, F7 (Flyball, 7D, EV 90.6 MPH)
|
Batting: RHB Hector Fernandez
|
0-0: Ball 1-0: Called Strike 1-1: Foul Ball, location: 2F 1-2: Ball 2-2: Ball 3-2: Base on Balls
|
Batting: RHB Bryan Pitcher
|
0-0: Ball 1-0: Called Strike 1-1: Called Strike 1-2: Foul Ball, location: 2F 1-2: Ball 2-2: Ground out 3-1 (Groundball, 34S, EV 91.9 MPH) Hector Fernandez to second
|
Batting: LHB Paul Adams
|
0-0: Foul Ball, location: 2F 0-1: Ball 1-1: Foul Ball, location: 2F 1-2: Ball 2-2: Ball 3-2: SINGLE (Groundball, 4D, EV 98.1 MPH) Hector Fernandez to third Runner from 3rd tries for Home, SAFE, throw by CF to home
|
Batting: RHB Derrick Abrams
|
0-0: Called Strike 0-1: Ball 1-1: Swinging Strike 1-2: Ball 2-2: Foul Ball, location: 2F 2-2: Strikes out swinging
|
Bottom of the 2nd over - 1 run, 1 hit, 0 errors, 1 left on base; Hillsboro 0 - Tri-City 1 |
TOP OF THE 3RD |
Hillsboro Hops batting - Pitching for Tri-City Dust Devils : LHP Bei Xú
|
Batting: RHB Trevor Corey
|
0-0: Fly out, F9 (Flyball, 89M, EV 86.3 MPH)
|
Batting: RHB Jeremy Adams
|
0-0: Called Strike 0-1: Ground out 6-3 (Groundball, 56, EV 93.8 MPH)
|
Batting: RHB Brandon Joshua
|
0-0: Called Strike 0-1: SINGLE (Groundball, 6MD, EV 100.0 MPH)
|
Batting: RHB Yasuo Nakata
|
0-0: Called Strike 0-1: Ball 1-1: Ball 2-1: Called Strike 2-2: Strikes out looking and he physically ARGUES THE CALL AND IS TOSSED!
|
Top of the 3rd over - 0 runs, 1 hit, 0 errors, 1 left on base; Hillsboro 0 - Tri-City 1 |
BOTTOM OF THE 3RD |
Tri-City Dust Devils batting - Pitching for Hillsboro Hops : RHP Ted Koene
|
Now at 1B: Larry Valencia
|
|
Batting: RHB Jeremy Mercer
|
0-0: Foul Ball, location: 2F 0-1: Foul Ball, location: 2F 0-2: Ball 1-2: Strikes out looking
|
Batting: RHB Ruben Luis
|
0-0: Ball 1-0: SINGLE (Line Drive, 4MD, EV 105.6 MPH)
|
Batting: LHB Frank McConnell
|
0-0: Ball 1-0: Called Strike 1-1: Ball 2-1: SINGLE (Line Drive, 8RS, EV 102.5 MPH) Ruben Luis to second
|
Batting: RHB Freddie Brown
|
0-0: Called Strike 0-1: Called Strike 0-2: Ball 1-2: Foul Ball, location: 2F 1-2: DOUBLE (Line Drive, 89M, EV 100.0 MPH) Ruben Luis scores Frank McConnell to third
|
Batting: RHB Jaden Scott
|
0-0: Ball 1-0: Ball 2-0: Called Strike 2-1: Called Strike 2-2: Ball 3-2: Foul Ball, location: 2F 3-2: Ground out 5-3 (Groundball, 15, EV 84.4 MPH) Frank McConnell scores
|
Batting: RHB Hector Fernandez
|
0-0: SINGLE (Flyball, 8RS, EV 93.8 MPH) Freddie Brown to third Throwing error, E8 Freddie Brown scores Hector Fernandez to second
|
Batting: RHB Bryan Pitcher
|
0-0: Ball 1-0: Called Strike 1-1: Fly out, F7 (Flyball, 7LD, EV 93.8 MPH)
|
Bottom of the 3rd over - 3 runs, 4 hits, 1 error, 1 left on base; Hillsboro 0 - Tri-City 4 |
TOP OF THE 4TH |
Hillsboro Hops batting - Pitching for Tri-City Dust Devils : LHP Bei Xú
|
Batting: RHB Larry Hardman
|
0-0: Ball 1-0: SINGLE (Groundball, 56S, EV 75.0 MPH) (infield hit)
|
Batting: RHB Edgar Garcia
|
0-0: Ball 1-0: Foul Ball, location: 2F 1-1: Fielders Choice at 2nd, 4-6 (Groundball, 34, EV 86.9 MPH)
|
Batting: RHB Chris Bittner
|
0-0: Ball Edgar Garcia steals 2nd base (no throw) 1-0: Called Strike 1-1: Ball 2-1: Called Strike 2-2: Ball 3-2: Strikes out looking
|
Batting: RHB Jeremy Coffey
|
0-0: Foul Ball, location: 2F 0-1: Ground out U3 (Groundball, 3, EV 85.0 MPH)
|
Top of the 4th over - 0 runs, 1 hit, 0 errors, 1 left on base; Hillsboro 0 - Tri-City 4 |
BOTTOM OF THE 4TH |
Tri-City Dust Devils batting - Pitching for Hillsboro Hops : RHP Ted Koene
|
Batting: LHB Paul Adams
|
0-0: Called Strike 0-1: Called Strike 0-2: Ball 1-2: Strikes out swinging
|
Batting: RHB Derrick Abrams
|
0-0: Called Strike 0-1: Ball 1-1: Ball 2-1: Swinging Strike 2-2: Foul Ball, location: 2F 2-2: Strikes out swinging
|
Batting: RHB Jeremy Mercer
|
0-0: Ball 1-0: Foul Ball, location: 2F 1-1: SINGLE (Line Drive, 4MD, EV 98.1 MPH)
|
Batting: RHB Ruben Luis
|
0-0: Ball 1-0: Fielders Choice at 2nd, 6-4 (Groundball, 6, EV 86.9 MPH)
|
Bottom of the 4th over - 0 runs, 1 hit, 0 errors, 1 left on base; Hillsboro 0 - Tri-City 4 |
TOP OF THE 5TH |
Hillsboro Hops batting - Pitching for Tri-City Dust Devils : LHP Bei Xú
|
Batting: SHB Mike Kiefer
|
0-0: Ground out 5-3 (Groundball, 56, EV 106.9 MPH)
|
Batting: RHB Trevor Corey
|
0-0: Ball 1-0: Called Strike 1-1: Foul Ball, location: 2F 1-2: Foul Ball, location: 2F 1-2: Foul Ball, location: 2F 1-2: Foul Ball, location: 2F 1-2: Ball 2-2: Foul Ball, location: 2F 2-2: Ball 3-2: Base on Balls
|
Batting: RHB Jeremy Adams
|
0-0: Fly out, F8 (Line Drive, 8RD, EV 92.5 MPH)
|
Batting: RHB Brandon Joshua
|
0-0: Ball 1-0: Ground out U3 (Groundball, 3S, EV 68.1 MPH)
|
Top of the 5th over - 0 runs, 0 hits, 0 errors, 1 left on base; Hillsboro 0 - Tri-City 4 |
BOTTOM OF THE 5TH |
Tri-City Dust Devils batting - Pitching for Hillsboro Hops : RHP Ted Koene
|
Batting: LHB Frank McConnell
|
0-0: Ball 1-0: Foul Ball, location: 2F 1-1: Swinging Strike 1-2: Foul Ball, location: 2F 1-2: Strikes out looking
|
Batting: RHB Freddie Brown
|
0-0: DOUBLE (Line Drive, 78M, EV 87.5 MPH)
|
Batting: RHB Jaden Scott
|
0-0: Ball 1-0: Fly out, F8 (Flyball, 8RXD, EV 95.6 MPH) Runner from 2nd tags up, SAFE at 3rd, no throw by CF
|
Batting: RHB Hector Fernandez
|
Balk! Freddie Brown scores 0-0: Reached on error, E5 (Groundball, 56, EV 88.8 MPH)
|
Pitching: RHP Jim Ahlers
|
|
Batting: RHB Bryan Pitcher
|
0-0: Called Strike 0-1: Called Strike 0-2: Ball 1-2: Strikes out swinging
|
Bottom of the 5th over - 1 run, 1 hit, 1 error, 1 left on base; Hillsboro 0 - Tri-City 5 |
TOP OF THE 6TH |
Hillsboro Hops batting - Pitching for Tri-City Dust Devils : LHP Bei Xú
|
Batting: RHB Larry Valencia
|
0-0: Ball 1-0: Foul Ball, location: 2F 1-1: Called Strike 1-2: Foul Ball, location: 2F 1-2: Strikes out swinging
|
Batting: RHB Larry Hardman
|
0-0: Called Strike 0-1: Foul Ball, location: 2F 0-2: Strikes out swinging
|
Batting: RHB Edgar Garcia
|
0-0: Ball 1-0: SINGLE (Flyball, 89S, EV 89.4 MPH)
|
Batting: RHB Chris Bittner
|
0-0: Ball 1-0: Ball 2-0: Foul Ball, location: 2F 2-1: Fly out, F8 (Flyball, 8RM, EV 93.8 MPH)
|
Top of the 6th over - 0 runs, 1 hit, 0 errors, 1 left on base; Hillsboro 0 - Tri-City 5 |
BOTTOM OF THE 6TH |
Tri-City Dust Devils batting - Pitching for Hillsboro Hops : RHP Jim Ahlers
|
Batting: LHB Paul Adams
|
0-0: Swinging Strike 0-1: Called Strike 0-2: Strikes out swinging
|
Batting: RHB Derrick Abrams
|
0-0: Called Strike 0-1: Ball 1-1: Foul Ball, location: 2F 1-2: Strikes out swinging
|
Batting: RHB Jeremy Mercer
|
0-0: Swinging Strike 0-1: Ground out U3 (Groundball, 34, EV 76.3 MPH)
|
Bottom of the 6th over - 0 runs, 0 hits, 0 errors, 0 left on base; Hillsboro 0 - Tri-City 5 |
TOP OF THE 7TH |
Hillsboro Hops batting - Pitching for Tri-City Dust Devils : LHP Bei Xú
|
Batting: RHB Jeremy Coffey
|
0-0: Ball 1-0: SINGLE (Groundball, 5D, EV 93.8 MPH)
|
Batting: SHB Mike Kiefer
|
0-0: Called Strike 0-1: Foul Ball, location: 2F 0-2: Foul Ball, location: 2F 0-2: Strikes out swinging
|
Batting: RHB Trevor Corey
|
0-0: Called Strike 0-1: Foul Ball, location: 2F 0-2: Foul Ball, location: 2F 0-2: Strikes out swinging
|
Batting: RHB Jeremy Adams
|
0-0: Foul Ball, location: 2F 0-1: Foul Ball, location: 2F 0-2: Ball 1-2: Ball 2-2: Ball 3-2: Strikes out swinging
|
Top of the 7th over - 0 runs, 1 hit, 0 errors, 1 left on base; Hillsboro 0 - Tri-City 5 |
BOTTOM OF THE 7TH |
Tri-City Dust Devils batting - Pitching for Hillsboro Hops : RHP Jim Ahlers
|
Batting: RHB Ruben Luis
|
0-0: Called Strike 0-1: Called Strike 0-2: SINGLE (Groundball, 56D, EV 110.6 MPH)
|
Batting: LHB Frank McConnell
|
0-0: Called Strike 0-1: Foul Ball, location: 2F 0-2: Strikes out swinging
|
Batting: RHB Freddie Brown
|
0-0: Ball 1-0: Fielders Choice at 2nd, 5-4 (Groundball, 56, EV 83.8 MPH)
|
Batting: RHB Jaden Scott
|
0-0: Ball Freddie Brown steals 2nd base 1-0: Fly out, F1 (Line Drive, P, EV 70.0 MPH)
|
Bottom of the 7th over - 0 runs, 1 hit, 0 errors, 1 left on base; Hillsboro 0 - Tri-City 5 |
TOP OF THE 8TH |
Hillsboro Hops batting - Pitching for Tri-City Dust Devils : LHP Bei Xú
|
Batting: RHB Brandon Joshua
|
0-0: Ball 1-0: Foul Ball, location: 2F 1-1: Foul Ball, location: 2F 1-2: SINGLE (Groundball, 6MS, EV 61.3 MPH) (infield hit)
|
Batting: RHB Larry Valencia
|
0-0: Fly out, F9 (Flyball, 9S, EV 81.3 MPH)
|
Batting: RHB Larry Hardman
|
0-0: Foul Ball, location: 2F 0-1: SINGLE (Line Drive, 7, EV 86.3 MPH) Brandon Joshua to second
|
Batting: RHB Edgar Garcia
|
0-0: Called Strike 0-1: Ball 1-1: Ball 2-1: SINGLE (Line Drive, 8RS, EV 91.3 MPH) Brandon Joshua to third Larry Hardman to second
|
Batting: RHB Chris Bittner
|
0-0: Swinging Strike 0-1: SINGLE (Groundball, 56D, EV 108.1 MPH) Brandon Joshua scores Larry Hardman to third Edgar Garcia to second Runner from 3rd tries for Home, SAFE, throw by LF to home
|
Pitching: RHP Eric Teixeira
|
|
Now at 2B: Hector Fernandez
|
|
Now at 3B: Ron Major
|
|
Now at SS: Jaden Scott
|
|
Batting: RHB Jeremy Coffey
|
0-0: Called Strike 0-1: Foul Ball, location: 2F 0-2: Strikes out swinging
|
Batting: SHB Mike Kiefer
|
0-0: Ball 1-0: Swinging Strike 1-1: Ball 2-1: Swinging Strike 2-2: Strikes out swinging
|
Top of the 8th over - 2 runs, 4 hits, 0 errors, 2 left on base; Hillsboro 2 - Tri-City 5 |
BOTTOM OF THE 8TH |
Tri-City Dust Devils batting - Pitching for Hillsboro Hops : RHP Jim Ahlers
|
Pitching: RHP Takuji Mizoguchi
|
|
Batting: RHB Hector Fernandez
|
0-0: Ball 1-0: Fly out, F8 (Flyball, 8RS, EV 90.6 MPH)
|
Batting: RHB Bryan Pitcher
|
0-0: Ball 1-0: SINGLE (Groundball, 3D, EV 101.3 MPH)
|
Batting: LHB Paul Adams
|
0-0: Called Strike 0-1: Fielders Choice at 2nd, 4-6 (Groundball, 4, EV 86.9 MPH)
|
Batting: RHB Derrick Abrams
|
0-0: Called Strike 0-1: Called Strike 0-2: Ball 1-2: Ball 2-2: Fly out, F6 (Line Drive, 6, EV 66.9 MPH)
|
Bottom of the 8th over - 0 runs, 1 hit, 0 errors, 1 left on base; Hillsboro 2 - Tri-City 5 |
TOP OF THE 9TH |
Hillsboro Hops batting - Pitching for Tri-City Dust Devils : RHP Eric Teixeira
|
Pitching: RHP Angelo Radford
|
|
Batting: RHB Trevor Corey
|
0-0: Foul Ball, location: 2F 0-1: Ball 1-1: Ball 2-1: Swinging Strike 2-2: Strikes out swinging
|
Batting: RHB Jeremy Adams
|
0-0: Called Strike 0-1: Called Strike 0-2: Strikes out swinging
|
Batting: RHB Brandon Joshua
|
0-0: Called Strike 0-1: Swinging Strike 0-2: Ball 1-2: Strikes out swinging
|
Top of the 9th over - 0 runs, 0 hits, 0 errors, 0 left on base; Hillsboro 2 - Tri-City 5 |
|